 Dungeon Crawl Stone Soup version 0.30-a0-634-g8abc85282e (webtiles) character file.

Game seed: 1434451970249327787

49 bande the Covered (level 3, 0/24 HPs)
             Began as a Gargoyle Fighter on Jan 15, 2023.
             Slain by Sigmund
             ... wielding a +0 scythe
              (9 damage)
             ... on level 2 of the Dungeon.
             The game lasted 00:01:27 (1238 turns).

bande the Covered (Gargoyle Fighter)                Turns: 1238, Time: 00:01:27

Health: 0/24       AC: 10    Str: 19    XL:     3   Next: 75%
Magic:  3/3        EV:  9    Int:  8    God:
Gold:   111        SH:  4    Dex: 11    Spells: 2/2 levels left

rFire   . . .      SeeInvis .    a - +0 war axe
rCold   . . .      Faith    .    c - +0 buckler
rNeg    + . .      Spirit   .    b - +0 scale mail
rPois   ∞          Reflect  .    (no helmet)
rElec   +          Harm     .    (no cloak)
rCorr   .          Rampage  .    (no gloves)
Will    .....                    (no boots) Stlth
                                 (no amulet)
HPRegen 0.24/turn                (no ring)
MPRegen 0.08/turn                (no ring)

@: no status effects
A: sickness immunity, AC +3, negative energy resistance 1, electricity
resistance, torment resistance 1, petrification resistance
a: no special abilities


You were on level 2 of the Dungeon.
You visited 1 branch of the dungeon, and saw 2 of its levels.

You collected 111 gold pieces.

Inventory:

Hand Weapons
 a - a +0 war axe (weapon)
 i - a +0 morningstar
Missiles
 j - a throwing net (quivered)
Armour
 b - a +0 scale mail (worn)
 c - a +0 buckler (worn)
Wands
 k - a wand of polymorph (8)
Scrolls
 f - a scroll of amnesia {unknown}
 g - 2 scrolls of identify {unknown}
Potions
 d - a potion of might
 e - a potion of invisibility {unknown}
 h - a potion of haste {unknown}


   Skills:
 + Level 3.7 Fighting
 + Level 2.3 Axes
 + Level 4.0 Armour
 + Level 3.6 Shields


You had 2 spell levels left.
You didn't know any spells.
Your spell library was empty.

Dungeon Overview and Level Annotations

Branches:
Dungeon (2/15)

Altars:

Annotations:
D:2 Sigmund


Innate Abilities, Weirdness & Mutations

You are immune to sickness and miasma.
Your stone body is resilient. (AC +3)
You are immune to poison.
You resist negative energy. (rN+)
You are resistant to electric shocks. (rElec)
You are resistant to unholy torment.
You are immune to petrification.


Message History

You now have 111 gold pieces (gained 14).
Found a war axe.
Found a sling.
You see here a +0 war axe.
Sigmund the Dreaded comes into view.
He is wielding a +0 scythe.
Sigmund shouts!
Sigmund laughs darkly.
Sigmund closely misses you. Sigmund casts a spell at you.
You are confused.
You are too confused!
You are too confused!
You are too confused!
You are too confused!
You are too confused!
You are too confused!
You are too confused!
You are too confused!
You are too confused!
You are too confused!
You are too confused!
You are too confused!
You are too confused!
You are too confused!
You barely miss Sigmund. Sigmund hits you with a +0 scythe.
You bump into the rock wall.
Sigmund hits you but does no damage.
You hit Sigmund but do no damage. Sigmund hits you but does no damage.
You feel less confused. Sigmund closely misses you.
You closely miss Sigmund. Sigmund hits you with a +0 scythe.
You barely miss Sigmund. Sigmund completely misses you.
You closely miss Sigmund. Sigmund hits you with a +0 scythe!
You barely miss Sigmund. Sigmund casts a spell at you.
The puff of flame hits you but does no damage.
You closely miss Sigmund. Sigmund hits you with a +0 scythe.
You hit Sigmund but do no damage. Sigmund hits you but does no damage.
You hit Sigmund but do no damage. Sigmund closely misses you.
You barely miss Sigmund. Sigmund hits you with a +0 scythe!
You die...

###########
###.........####
#######...............
.............####.####
######.#.##.# #.#
#.#.##.####.##
#.#.##.......###
##.######.#.#######.....
......@@.........)...###
###.#####.....#####..#
###..........#
###.######.# .# #.# #
#.## #..## ###.## #.....


You could see Sigmund.

Vanquished Creatures
  An adder (D:2)
  A dart slug (D:2)
  2 ball pythons
  A bat (D:1)
  7 endoplasms
  3 jackals (D:2)
  4 kobolds (D:1)
  2 quokkas
  5 goblins
  8 rats (D:1)
34 creatures vanquished.

Notes
Turn   | Place    | Note
-------+----------+-------------------------------------------
     0 | D:1      | bande the Gargoyle Fighter began the quest for the Orb.
     0 | D:1      | Reached XP level 1. HP: 14/14 MP: 1/1
    69 | D:1      | Found a faded altar of an unknown god.
   127 | D:1      | Reached XP level 2. HP: 19/19 MP: 2/2
   737 | D:1      | Reached XP level 3. HP: 23/23 MP: 3/3
  1073 | D:2      | Reached skill level 4 in Armour
  1223 | D:2      | Noticed Sigmund
  1238 | D:2      | Slain by Sigmund

Illustrated notes

Levels and vault maps discovered:
D:1:      minmay_arrival_arboretum_small, layout_basic,
          hellmonk_ecumenical_altar_run_dry
D:2:      layout_loops_ring, basic_altar, serial_shops, nicolae_shop_trees,
          minmay_pentomino_s2, uniq_sigmund

Skill      XL: |  1  2  3 |
---------------+----------+-----
Axes           | 2 |  2.3
Armour         | 4 |  4.0
Fighting       | |  3.7
Shields        | |  3.6

Action                   || total
-------------------------++-------
Melee: War axe           ||    83
Armor: Scale mail        ||    37
Dodge: Dodged            ||    35
Block: Buckler           ||    17

Table legend: (Time is in decaauts)
 A = Elapsed time spent in this place.
 B = Non-inter-level travel time spent in this place.
 C = Inter-level travel time spent in this place.
 D = Time resting spent in this place.
 E = Time spent auto-exploring this place.
 F = Levels seen in this place.
 G = Mean time per level.
                   A        B        C        D        E       F      G
               +--------+--------+--------+--------+--------+-----+--------+
         Total |   1274 |   1274 |      0 |      0 |   1027 |   2 |  637.0 |
       Dungeon |   1274 |   1274 |      0 |      0 |   1027 |   2 |  637.0 |
               +--------+--------+--------+--------+--------+-----+--------+

Top non-repeatable levels by time:
     D:1: 1022 daAuts
     D:2: 252 daAuts
